 Dungeon Crawl Stone Soup version 0.29-a0-275-g389c0b56f3 (webtiles) character file.

Game seed: 984537654097517416

789 flyleaff the Chiller (level 7, -3/52 HPs)
             Began as a Demonspawn Ice Elementalist on Mar 12, 2022.
             Splashed by a jelly's acid (9 damage)
             ... on level 5 of the Dungeon.
             The game lasted 00:10:18 (6462 turns).

flyleaff the Chiller (Demonspawn Ice Elementalist)  Turns: 6462, Time: 00:10:19

Health: -3/52      AC: -3    Str:  8    XL:     7   Next: 56%
Magic:  12/12      EV: 13    Int: 19    God:
Gold:   356        SH:  0    Dex: 13    Spells: 6/13 levels left

rFire   . . .      SeeInvis .   z - +5 dagger (venom)
rCold   . . .      Faith    .   (no shield)
rNeg    . . .      Spirit   .   a - +0 robe
rPois   .          Reflect  .   (no helmet)
rElec   .          Harm     .   (no cloak)
rCorr   .          Rampage  .   i - +0 pair of gloves
Will    .....                   (no boots)
Stlth   ++........              (no amulet)
HPRegen 0.17/turn               (no ring)
MPRegen 0.13/turn               (no ring)

@: corroded
A: rugged brown scales 1, demonic guardian 1, foul stench 2
a: no special abilities


You were on level 5 of the Dungeon.
You visited 1 branch of the dungeon, and saw 5 of its levels.

You collected 356 gold pieces.

Inventory:

Hand Weapons
 f - a +0 hunting sling
 k - a +0 short sword
 x - a +2 flail of venom
 z - a +5 dagger of venom (weapon)
Missiles
 g - 2 boomerangs of dispersal
 h - 7 poisoned darts
 s - 3 boomerangs
Armour
 a - a +0 robe (worn)
 i - a +0 pair of gloves (worn)
Jewellery
 B - an amulet of regeneration
Wands
 y - a wand of paralysis (4)
Scrolls
 d - 7 scrolls of identify {unknown}
 e - 2 scrolls of blinking {unknown}
 j - 2 scrolls of noise {unknown}
 n - a scroll of vulnerability {unknown}
 p - a scroll of magic mapping {unknown}
 q - 4 scrolls of teleportation {unknown}
 u - a scroll of torment {unknown}
 w - a scroll of fog {unknown}
 A - a scroll of enchant weapon {unknown}
Potions
 b - a potion of magic
 c - a potion of resistance {unknown}
 l - a potion of brilliance {unknown}
 m - a potion of ambrosia
 o - a potion of heal wounds {unknown}
 r - a potion of attraction {unknown}
 t - a potion of curing {unknown}
 v - 2 potions of mutation {unknown}


   Skills:
 + Level 2.4 Fighting
 * Level 1.9 Short Blades
 - Level 2.1 Slings
 - Level 2.2 Armour
 + Level 3.8 Dodging
 - Level 1.7 Stealth
 + Level 3.9 Spellcasting
 + Level 5.0 Ice Magic


You had 6 spell levels left.
You knew the following spells:

 Your Spells              Type           Power      Damage    Failure   Level
a - Freeze                Ice            88%        1d10      1%          1
b - Frozen Ramparts       Ice            44%        1d6       5%          3
c - Ozocubu's Armour      Ice            22%        N/A       5%          3

Your spell library contained the following spells:

 Spells                   Type           Power      Damage    Failure   Level
 Shock                    Conj/Air       12%        1d3       14%         1
 Swiftness                Air            3%         N/A       38%         3
 Hailstorm                Conj/Ice       13%        3d5       45%         4
 Airstrike                Air            1%         N/A       80%         4
 Conjure Ball Lightning   Conj/Air       1%         3x3d6     100%        6
 Discord                  Hex            1%         N/A       100%        8
 Disjunction              Tloc           1%         N/A       100%        8


Dungeon Overview and Level Annotations

Branches:
Dungeon (5/15)
 Temple: D:4-7

Altars:
Hepliaklqana


Innate Abilities, Weirdness & Mutations

You are partially covered in rugged brown scales. (AC +1, +3% HP)
A weak demonic guardian rushes to your aid.
You sometimes emit foul miasma when damaged in melee.


Message History

You hit the ogre.
The ogre is poisoned.
The ogre is lightly wounded.
The ogre hits you with a +0 giant club!
You hit the ogre.
The ogre looks as sick as possible!
The ogre is heavily wounded.
You puncture the ogre!
The ogre looks as sick as possible!
You punch the ogre.
You kill the ogre!
A jelly comes into view.
Your Ice Magic skill increases to level 5!
A jelly is nearby!
Found a scroll labelled VIHITZOFIM.
The jelly hits you. The acid corrodes you!
You are splashed with acid!
You hit the jelly.
Your hands burn!
The jelly is lightly wounded.
You hit the jelly. The acid corrodes you!
Your hands burn!
The jelly is moderately wounded.
The jelly barely misses you.
You are too injured to fight recklessly!
You are too injured to fight recklessly!
You are too injured to fight recklessly!
You are too injured to fight recklessly!
You are too injured to fight recklessly!
You hit the jelly. The acid corrodes you!
Your hands burn!
The jelly is moderately wounded.
The jelly misses you.
You hit the jelly.
Your hands burn!
The jelly is heavily wounded.
The jelly barely misses you.
You hit the jelly but do no damage.
The jelly is poisoned.
Your hands burn!
The jelly is heavily wounded.
The jelly hits you.
You are splashed with acid.
* * * LOW HITPOINT WARNING * * *
You hit the jelly but do no damage.
Your hands burn!
* * * LOW HITPOINT WARNING * * *
A demonic guardian appears!
The jelly is heavily wounded.
The jelly hits you.
* * * LOW HITPOINT WARNING * * *
You are splashed with acid!
You die...

####..# #....# #.(#
#.##.# #..# #$##.#####
####..# #.........
......#######.#.#####
.............?..##
.####.#####.....)####.#
.# #.# #....).......?#
.# #.# #.#....5@###..
.# #.# #.##.....J....#
.####.# # ##.#.###...#
......# ###.# ..#
.###### #.. .# .# ##.#
# .# .# .# .. .#


You could see a jelly (poisoned, ally target) and a friendly quasit (summoned).

Vanquished Creatures
  Edmund (D:4)
  A sky beast (D:5)
  An ogre (D:5)
  A necrophage (D:4)
  3 scorpions
  An iguana (D:4)
  3 orc wizards
  Ijyb (D:4)
  5 adders
  An ufetubus (D:5)
  3 worms
  A dart slug (D:2)
  11 orcs
  3 endoplasms (D:1)
  3 giant cockroaches
  9 goblins
  7 hobgoblins
  2 quokkas
  10 ball pythons
  2 bats
  19 frilled lizards
  4 kobolds
  2 rats (D:1)
94 creatures vanquished.

Vanquished Creatures (others)
  7 plants (D:2)
7 creatures vanquished.

Grand Total: 101 creatures vanquished

Notes
Turn   | Place    | Note
-------+----------+-------------------------------------------
     0 | D:1      | flyleaff the Demonspawn Ice Elementalist began the quest
                  | for the Orb.
     0 | D:1      | Reached XP level 1. HP: 13/13 MP: 3/3
   326 | D:1      | Gained mutation: You may rarely emit foul miasma when
                  | damaged in melee. [demonic ancestry]
   326 | D:1      | Reached XP level 2. HP: 19/19 MP: 5/5
   394 | D:1      | Found a faded altar of an unknown god.
   990 | D:2      | Reached skill level 1 in Armour
  1390 | D:2      | Reached XP level 3. HP: 24/24 MP: 6/6
  2000 | D:2      | Reached skill level 4 in Ice Magic
  2426 | D:2      | Learned a level 3 spell: Frozen Ramparts
  2571 | D:3      | Gained mutation: You sometimes emit foul miasma when
                  | damaged in melee. [demonic ancestry]
  2571 | D:3      | Reached XP level 4. HP: 30/30 MP: 3/7
  2689 | D:3      | Found a hazy altar of Hepliaklqana.
  3374 | D:3      | Reached XP level 5. HP: 11/35 MP: 6/9
  4209 | D:4      | Learned a level 3 spell: Ozocubu's Armour
  4429 | D:4      | Gained mutation: You are partially covered in rugged brown
                  | scales. (AC +1, +3% HP) [demonic ancestry]
  4429 | D:4      | Reached XP level 6. HP: 26/43 MP: 10/10
  4648 | D:4      | Reached skill level 1 in Slings
  4995 | D:4      | Reached skill level 1 in Fighting
  5346 | D:4      | Noticed Edmund
  5355 | D:4      | Killed Edmund
  5531 | D:4      | Noticed Ijyb
  5537 | D:4      | Paralysed by Ijyb for 4 turns
  5541 | D:4      | Killed Ijyb
  5977 | D:5      | Entered Level 5 of the Dungeon
  6025 | D:5      | Gained mutation: A weak demonic guardian rushes to your
                  | aid. [demonic ancestry]
  6025 | D:5      | Reached XP level 7. HP: 41/50 MP: 12/12
  6124 | D:5      | Reached skill level 1 in Short Blades
  6454 | D:5      | Reached skill level 5 in Ice Magic
  6462 | D:5      | Splashed by a jelly's acid

Illustrated notes

Levels and vault maps discovered:
D:1:      lordsloth_arrival_two_stooges, layout_basic,
          shapermc_ecumenical_altar_venn
D:2:      layout_loops_ring, minmay_lizard_king
D:3:      layout_basic, amcnicky_altar_gilded, minmay_close_crescents
D:4:      layout_basic, kennysheep_small_spiral,
          hangedman_abyss_or_decor_stagger, uniq_edmund, uniq_ijyb
D:5:      layout_loops_ring, good_gods_mini_temple

Skill      XL: |  1  2  3  4  5  6  7 |
---------------+----------------------+-----
Dodging        | 2 3 |  3.8
Armour         | 1 2 |  2.2
Ice Magic      | 4 5 |  5.0
Spellcasting   | 3 |  3.9
Slings         | 2 |  2.1
Fighting       | 1 2 |  2.4
Short Blades   | 1 |  1.9
Stealth        | |  1.7

Action                   |  1- 3 |  4- 6 |  7- 9 || total
-------------------------+-------+-------+-------++-------
Melee: Unarmed           |     3 |       |       ||     3
       Dagger            |       |     6 |    26 ||    32
       Flail             |       |     1 |       ||     1
       Punch             |       |       |     1 ||     1
 Fire: Hunting sling     |   114 |   122 |       ||   236
 Cast: Freeze            |    32 |    20 |       ||    52
       Frozen Ramparts   |       |     8 |       ||     8
  Use: Potion            |       |     2 |       ||     2
 Stab: Sleeping          |     1 |       |       ||     1
Armor: Robe              |    25 |    16 |     8 ||    49
Dodge: Dodged            |    67 |    67 |    13 ||   147

Table legend: (Time is in decaauts)
 A = Elapsed time spent in this place.
 B = Non-inter-level travel time spent in this place.
 C = Inter-level travel time spent in this place.
 D = Time resting spent in this place.
 E = Time spent auto-exploring this place.
 F = Levels seen in this place.
 G = Mean time per level.
                   A        B        C        D        E       F      G
               +--------+--------+--------+--------+--------+-----+--------+
         Total |   6575 |   6467 |    108 |    301 |   5422 |   5 | 1315.0 |
       Dungeon |   6575 |   6467 |    108 |    301 |   5422 |   5 | 1315.0 |
               +--------+--------+--------+--------+--------+-----+--------+

Top non-repeatable levels by time:
     D:4: 2162 daAuts
     D:2: 1609 daAuts
     D:3: 1346 daAuts
     D:1: 973 daAuts
     D:5: 483 daAuts
